[Event "Team 45 45 League T32"]
[Site "Internet Chess Club"]
[Date "2007.02.22"]
[Round "6"]
[White "Amauta"]
[Black "MikeMike"]
[Result "1-0"]
[WhiteElo "1934"]
[BlackElo "1957"]
[ECO "B47"]
[TimeControl "2700+45"]

1. e4 c5 2. Nf3 e6 3. d4 cxd4 4. Nxd4 Nc6 5. Nc3 Qc7 6. Ndb5 Qb8 7. Be3 Nf6 8.
f4 d6 9. Be2 Be7 10. O-O O-O 11. Bf3 a6 12. Nd4 Bd7 13. a4 Qc7 14. g4 Nxd4 15.
Qxd4 e5 16. fxe5 dxe5 17. Qd1 Bc5 18. Bxc5 Qxc5+ 19. Kh1 h6 20. h4 Qe7 21. g5
hxg5 22. hxg5 Nh7 23. Rg1 Be6 24. Qd2 g6 25. Rg3 Kg7 26. Nd5 Bxd5 27. exd5 Rh8
28. Kg2 e4 29. Qd4+ f6 30. Bxe4 Rag8 31. Rf1 Kf8 32. d6 Qd7 33. gxf6 Ng5 34.
Rxg5 Qh3+ 35. Kf2 Qh4+ 36. Rg3 Qf4+ 37. Rf3 Rh2+ 38. Ke1 Qc1+ 39. Qd1 Qxb2 40.
c3 Qb3 41. Qxb3 {Black resigns} 1-0

[Event "Team 45 45 League T32"]
[Site "Internet Chess Club"]
[Date "2007.02.27"]
[Round "6"]
[White "C-Jones"]
[Black "DaveTheRook"]
[Result "1/2-1/2"]
[WhiteElo "1600"]
[BlackElo "1671"]
[ECO "B06"]
[TimeControl "2700+45"]

1. e4 g6 2. d4 Bg7 3. Nf3 d6 4. Nc3 Nf6 5. h3 O-O 6. Bc4 c6 7. O-O b5 8. Bd3 Qc7
9. Bf4 Nh5 10. Be3 e5 11. d5 b4 12. Na4 cxd5 13. Qd2 Bb7 14. exd5 f5 15. Bh6 e4
16. Bxg7 Qxg7 17. Ng5 Qh6 18. Be2 Nf6 19. Qxb4 Bxd5 20. Qxd6 Qxg5 21. Nc5 e3 22.
Qg3 Qxg3 23. fxg3 Nbd7 24. Nxd7 Nxd7 25. c4 Bc6 26. Rfd1 Rad8 27. Rd3 Rfe8 28.
Rad1 Re7 29. b4 Kf8 30. b5 Bb7 31. c5 Be4 32. Rd6 {Game drawn by mutual
agreement} 1/2-1/2

[Event "Team 45 45 League T32"]
[Site "Internet Chess Club"]
[Date "2007.02.26"]
[Round "6"]
[White "boozehound"]
[Black "Fegary"]
[Result "0-1"]
[WhiteElo "1720"]
[BlackElo "1758"]
[ECO "B07"]
[TimeControl "2700+45"]

1. e4 d6 2. d4 Nf6 3. Nc3 g6 4. h3 Bg7 5. Be3 c6 6. Qd2 O-O 7. Bh6 Ne8 8. Bxg7
Nxg7 9. Nf3 Nd7 10. Qh6 b5 11. Bd3 e5 12. dxe5 dxe5 13. Rd1 f6 14. O-O Qe7 15.
a4 a6 16. a5 Qb4 17. Ra1 Qxb2 18. Qd2 Qb4 19. Rfb1 Qe7 20. Nd1 Nc5 21. Ne3 Nge6
22. Qb4 Rd8 23. Rd1 Nd4 24. Nh2 Ra7 25. Qd2 Nxd3 26. cxd3 Be6 27. Rab1 c5 28.
Nhg4 Rad7 29. Nh6+ Kg7 30. Kh1 f5 31. exf5 gxf5 32. g4 Qh4 33. g5 Qxh3+ 34. Kg1
Nf3# {White checkmated} 0-1

[Event "Team 45 45 League T32"]
[Site "Internet Chess Club"]
[Date "2007.02.24"]
[Round "6"]
[White "lw"]
[Black "Kingofknights"]
[Result "0-1"]
[WhiteElo "1508"]
[BlackElo "1699"]
[ECO "B15"]
[TimeControl "2700+45"]

1. e4 c6 2. d4 d5 3. Nc3 dxe4 4. Bc4 Nf6 5. f3 exf3 6. Nxf3 Bg4 7. Bxf7+ Kxf7 8.
Ne5+ Kg8 9. Nxg4 Qd7 10. Nxf6+ exf6 11. Qe2 Na6 12. O-O Re8 13. Qd3 Nb4 14. Qc4+
Qe6 15. Qb3 Qxb3 16. axb3 a6 17. Na4 Nxc2 18. Rb1 Nxd4 19. Nb6 Bc5 20. Nd7 Ba7
21. Kh1 Re7 22. Nxf6+ gxf6 23. Bh6 Re6 24. g4 Nxb3 25. Rbd1 Bd4 26. g5 Kf7 27.
Rd3 Kg6 28. h4 Rd8 29. Rxb3 b5 30. Rbf3 Bxb2 31. Kg2 c5 32. Kh3 c4 33. Kg4 Rd4+
34. Kh3 Rd3 35. Kg4 Rxf3 36. Rxf3 fxg5 37. Bxg5 h5+ 38. Kg3 a5 39. Bd2 a4 40.
Bb4 c3 41. Bxc3 Bxc3 42. Rxc3 b4 43. Rc4 Rb6 44. Rf4 b3 {White resigns} 0-1

[Event "Team 45 45 League T32"]
[Site "Internet Chess Club"]
[Date "2007.02.24"]
[Round "6"]
[White "Shicalapapa"]
[Black "chesskix"]
[Result "0-1"]
[WhiteElo "1422"]
[BlackElo "1521"]
[ECO "A45"]
[TimeControl "2700+45"]

1. d4 Nf6 2. Nc3 c6 3. Nf3 d6 4. b4 g6 5. e4 Bg7 6. Bd3 O-O 7. O-O Nh5 8. Qe2
Bg4 9. h3 Bxf3 10. Qxf3 Bxd4 11. Bb2 Nd7 12. Rad1 Ne5 13. Qe2 Nf4 14. Qd2 Nh5
15. Bc1 Ng3 16. Rfe1 Qb6 17. Kh2 Nh5 18. Be2 Bxf2 19. Bxh5 Bxe1 20. Rxe1 gxh5
21. Qg5+ Ng6 22. Qxh5 Qf2 23. Re2 Qf6 24. Bg5 Qxc3 25. Rf2 Qe5+ 26. Kg1 Qxe4 27.
Rf3 Qxc2 28. Rg3 Kh8 29. Qh6 Rg8 30. Bxe7 Qb2 31. Rf3 Nxe7 32. g3 Qa1+ 33. Rf1
Rxg3+ 34. Kh2 Qxf1 35. Kxg3 Nf5+ {White resigns} 0-1

[Event "Team 45 45 League T32"]
[Site "Internet Chess Club"]
[Date "2007.02.25"]
[Round "6"]
[White "joonho"]
[Black "Chess-Cat"]
[Result "1/2-1/2"]
[WhiteElo "1825"]
[BlackElo "1461"]
[ECO "E33"]
[TimeControl "2700+45"]

1. d4 Nf6 2. c4 e6 3. Nc3 Bb4 4. Qc2 Nc6 5. Nf3 d6 6. a3 Bxc3+ 7. Qxc3 O-O 8. e3
a5 9. Be2 Re8 10. O-O e5 11. dxe5 Nxe5 12. Nxe5 dxe5 13. Rd1 Qe7 14. Qc2 e4 15.
Bd2 Bg4 16. Bc3 Qe6 17. Bxg4 Nxg4 18. b3 a4 19. bxa4 Qxc4 20. Qb2 f6 21. Rac1
Qxa4 22. Qxb7 Rad8 23. Rxd8 Rxd8 24. Qxc7 Rd1+ 25. Be1 Ne5 26. Qc3 Rxc1 27. Qxc1
Nd3 28. Qc8+ Kf7 29. Kf1 Qb5 30. Qc7+ Kg6 31. Qa5 Qc4 32. Qc3 Qa6 33. Kg1 Nxe1
34. Qxe1 Qxa3 35. Qd1 h5 36. g4 Qc5 37. Qd7 hxg4 38. Qe8+ Kg5 39. Qxe4 Qf5 40.
Qxf5+ Kxf5 41. Kg2 Ke4 42. Kg3 f5 43. Kh4 Kf3 44. Kg5 Ke4 45. Kg6 f4 46. exf4
Kxf4 47. Kxg7 Kf3 48. Kf6 Kxf2 49. Kf5 Kf3 50. Kg5 g3 {Game drawn by mutual
agreement} 1/2-1/2

[Event "Team 45 45 League T32"]
[Site "Internet Chess Club"]
[Date "2007.02.26"]
[Round "6"]
[White "BrerRabbit"]
[Black "OldBoy"]
[Result "1-0"]
[WhiteElo "1528"]
[BlackElo "1511"]
[ECO "D67"]
[TimeControl "2700+45"]

1. d4 d5 2. c4 e6 3. Nf3 Nf6 4. Bg5 Be7 5. Nc3 Nbd7 6. e3 O-O 7. Rc1 c6 8. Bd3
dxc4 9. Bxc4 Nd5 10. Bxe7 Qxe7 11. O-O Nxc3 12. Rxc3 Nf6 13. Bd3 Nd5 14. Rc5 Bd7
15. a3 Rfc8 16. Qd2 b6 17. Rc2 c5 18. dxc5 Rxc5 19. Rxc5 bxc5 20. Ne5 Rd8 21.
Qa5 Be8 22. Be2 Nb6 23. Rc1 Qd6 24. Nf3 Na4 25. b3 Qb6 26. Qxb6 Nxb6 27. Rxc5
Rc8 28. Rxc8 Nxc8 29. Kf1 Bc6 30. Ke1 Nd6 31. Bf1 Bd5 32. Nd2 f5 33. Kd1 Kf7 34.
Kc2 Ke7 35. f3 g6 36. Kc3 Kd7 37. a4 a5 38. b4 axb4+ 39. Kxb4 Kc7 40. Nc4 Nxc4
41. Bxc4 Kb6 42. Bxd5 exd5 43. Kc3 Ka5 44. Kd4 {Black resigns} 1-0

[Event "Team 45 45 League T32"]
[Site "Internet Chess Club"]
[Date "2007.02.24"]
[Round "6"]
[White "allanchs"]
[Black "Katie"]
[Result "0-1"]
[WhiteElo "1565"]
[BlackElo "1658"]
[ECO "C06"]
[TimeControl "2700+45"]

1. e4 e6 2. d4 d5 3. Nd2 Nf6 4. e5 Nfd7 5. Bd3 c5 6. c3 Nc6 7. Ne2 cxd4 8. cxd4
f6 9. exf6 Nxf6 10. O-O Bd6 11. Nf3 O-O 12. Be3 Bd7 13. Rc1 Nb4 14. Bb1 Ne4 15.
Nc3 Nf6 16. a3 Nc6 17. Qd3 Qe8 18. Bg5 Qh5 19. h3 Ne4 20. Nxe4 dxe4 21. Qxe4
Rxf3 22. Qxf3 Qxg5 23. Qe4 Qh6 24. d5 Ne7 25. dxe6 Bc6 26. Qd3 Rd8 27. Kh1 Bc7
28. Qe3 Bf4 29. Qb3 Bxc1 {White resigns} 0-1

[Event "Team 45 45 League T32"]
[Site "Internet Chess Club"]
[Date "2007.02.25"]
[Round "6"]
[White "houseofcook"]
[Black "Berkshires"]
[Result "1-0"]
[WhiteElo "1364"]
[BlackElo "1409"]
[ECO "C44"]
[TimeControl "2700+45"]

1. e4 e5 2. Nf3 Nc6 3. d4 d6 4. Bb5 Bd7 5. d5 Nce7 6. Nc3 Bxb5 7. Nxb5 c6 8. Nc3
cxd5 9. exd5 Ng6 10. O-O Nf6 11. Re1 Be7 12. Ne4 Nxe4 13. Rxe4 O-O 14. Rb4 b6
15. h3 a5 16. Rb5 f5 17. Be3 Rb8 18. b3 f4 19. Bc1 Qd7 20. a4 Bf6 21. Nd2 Ne7
22. Ne4 Nc8 23. Ba3 Be7 24. c4 Na7 25. Rc1 Nxb5 26. cxb5 Rbc8 27. Rc6 Rxc6 28.
bxc6 Qc7 29. Qg4 Qd8 30. Qe6+ Kh8 31. Bxd6 Bxd6 32. Nxd6 Qf6 33. Qxf6 Rxf6 34.
c7 Rf8 35. c8=Q Kg8 36. Qe6+ Kh8 37. Nf7+ Kg8 38. Nxe5+ Kh8 39. d6 g5 40. Qe7
Rg8 41. d7 h5 42. Ng6+ Rxg6 43. d8=Q+ Rg8 44. Qxg8+ Kxg8 45. Qxg5+ {Black
resigns} 1-0

[Event "Team 45 45 League T32"]
[Site "Internet Chess Club"]
[Date "2007.02.23"]
[Round "6"]
[White "RD1974"]
[Black "kamu"]
[Result "0-1"]
[WhiteElo "1683"]
[BlackElo "1735"]
[ECO "B02"]
[TimeControl "2700+45"]

1. e4 Nf6 2. Nc3 d5 3. e5 Nfd7 4. d4 c5 5. Nxd5 e6 6. Nc3 cxd4 7. Qxd4 Nc6 8.
Qd1 Ncxe5 9. Nf3 Bb4 10. Bd2 O-O 11. a3 Bd6 12. Ne4 Nf6 13. Bg5 Nxf3+ 14. Qxf3
Qa5+ 15. Bd2 Qe5 16. Bd3 Nd5 17. Bc3 Nxc3 18. bxc3 f5 19. Rb1 fxe4 20. Qxe4
Qxc3+ 21. Ke2 g6 22. Rb5 Qxa3 23. h4 a6 24. Rg5 Qc3 25. g3 Be7 26. Re5 Bd7 27.
h5 Bc6 28. Qe3 Bxh1 29. hxg6 Bb4 30. gxh7+ Kh8 31. Kd1 Bf3+ 32. Be2 Qe1# {White
checkmated} 0-1

[Event "Team 45 45 League T32"]
[Site "Internet Chess Club"]
[Date "2007.02.25"]
[Round "6"]
[White "stakastra"]
[Black "Theodulf"]
[Result "1-0"]
[WhiteElo "1605"]
[BlackElo "1655"]
[ECO "C26"]
[TimeControl "2700+45"]

1. e4 e5 2. Nc3 Nf6 3. Nf3 Bb4 4. d3 d5 5. Bd2 O-O 6. h3 Re8 7. a3 Bxc3 8. Bxc3
dxe4 9. dxe4 Qxd1+ 10. Rxd1 Nxe4 11. Bb5 c6 12. Bc4 Nxc3 13. bxc3 Nd7 14. O-O b5
15. Ba2 Kf8 16. Rd6 Nb6 17. Rxc6 Bb7 18. Rc7 Bxf3 19. Rxf7+ Kg8 20. Rxf3+ Kh8
21. Rf7 Nc4 22. Bxc4 bxc4 23. Re1 Kg8 24. Rc7 Rec8 25. Rxc8+ Rxc8 26. Rxe5 Rc7
27. Ra5 Kf7 28. f3 g6 29. Kf2 Ke6 30. Ke3 Kd6 31. Kd4 Ke6 32. g4 Rf7 33. Ra6+
{Black resigns} 1-0

[Event "Team 45 45 League T32"]
[Site "Internet Chess Club"]
[Date "2007.02.27"]
[Round "6"]
[White "Aquaman"]
[Black "Bastet"]
[Result "0-1"]
[WhiteElo "1484"]
[BlackElo "1428"]
[ECO "A20"]
[TimeControl "2700+45"]

1. c4 e5 2. g3 f5 3. e3 Nf6 4. Ne2 Nc6 5. Bg2 e4 6. O-O Be7 7. Nbc3 d6 8. a3 Be6
9. b3 O-O 10. d3 d5 11. cxd5 Bxd5 12. Nxd5 Qxd5 13. d4 Na5 14. Rb1 Rad8 15. Nf4
Qd6 16. Bd2 Nc6 17. b4 b5 18. Qb3+ Nd5 19. Rfc1 Nb8 20. Rc5 c6 21. Rbc1 Qd7 22.
R5c2 Kh8 23. Nxd5 Qxd5 24. Qxd5 Rxd5 25. f3 Rc8 26. fxe4 fxe4 27. Bxe4 Rd6 28.
d5 Rcd8 29. dxc6 Nxc6 30. Bc3 Kg8 31. Kg2 Re6 32. Bxc6 Rxc6 33. Bd4 Rxc2+ 34.
Rxc2 Rd7 35. Rc8+ Kf7 36. Ra8 Bf6 37. Rxa7 Rxa7 38. Bxa7 Bb2 39. Bc5 Bxa3 40.
Kf3 Ke6 41. Ke4 Bb2 42. g4 Be5 43. h3 h6 44. h4 g6 45. Bd4 Bd6 46. Bc5 Be5 47.
Kf3 h5 48. e4 hxg4+ 49. Kxg4 Bf6 50. Be3 Ke5 51. Bg5 Bg7 52. Kf3 Bf8 53. Bf4+
Ke6 54. Bd2 Be7 55. Be1 Ke5 56. Bc3+ Ke6 57. Kg4 Kd6 58. Be1 Ke5 59. Bc3+ Kxe4
60. Be1 Kd4 61. Kf4 Kc4 62. Ke5 Bxb4 63. Bxb4 Kxb4 64. Kf6 Kc4 65. Kxg6 b4 66.
h5 b3 67. h6 b2 68. Kg7 b1=Q 69. h7 Qb7+ 70. Kg8 Qd5+ 71. Kg7 Qe5+ 72. Kg8 Qg5+
73. Kh8 Qf6+ 74. Kg8 Qg6+ 75. Kh8 Qe8+ 76. Kg7 Qe7+ 77. Kh8 Qf8# {White
checkmated} 0-1

[Event "Team 45 45 League T32"]
[Site "Internet Chess Club"]
[Date "2007.02.24"]
[Round "6"]
[White "corsair"]
[Black "DocHoliday"]
[Result "0-1"]
[WhiteElo "1775"]
[BlackElo "1997"]
[ECO "A38"]
[TimeControl "2700+45"]

1. c4 c5 2. Nc3 Nc6 3. g3 g6 4. Bg2 Bg7 5. Nf3 Nf6 6. O-O O-O 7. d3 d6 8. Bd2 a6
9. a3 Rb8 10. Rb1 b5 11. cxb5 axb5 12. Ne1 Qc7 13. Qc2 Nd4 14. Qd1 Bb7 15. e3
Bxg2 16. Nxg2 Nc6 17. Nf4 e6 18. Nce2 g5 19. Ng2 Ne5 20. Nc1 g4 21. Nh4 Ng6 22.
Nxg6 hxg6 23. Bc3 e5 24. d4 b4 25. dxe5 dxe5 26. axb4 cxb4 27. Bd2 Rfd8 28. Qe2
Qc2 {White resigns} 0-1

[Event "Team 45 45 League T32"]
[Site "Internet Chess Club"]
[Date "2007.02.26"]
[Round "6"]
[White "BMAttack"]
[Black "sean98"]
[Result "1-0"]
[WhiteElo "1584"]
[BlackElo "1544"]
[ECO "A30"]
[TimeControl "2700+45"]

1. c4 c5 2. g3 Nf6 3. Bg2 Nc6 4. Nc3 b6 5. Nf3 Bb7 6. O-O e6 7. e4 Be7 8. d3 O-O
9. a3 d6 10. h3 a6 11. Be3 Qb8 12. Qb3 Nd7 13. Rfd1 Na5 14. Qc2 Rd8 15. b4 cxb4
16. axb4 Nc6 17. b5 Nb4 18. Qb1 a5 19. Na4 Qc7 20. Bd2 Nc5 21. Bxb4 Nxa4 22.
Rxa4 axb4 23. Rxa8 Rxa8 24. Qxb4 d5 25. Qb1 dxe4 26. dxe4 Bc5 27. Kh2 Bxf2 28.
Qd3 Qxg3+ 29. Kh1 h6 30. Ng1 Bc5 {Black resigns} 1-0

[Event "Team 45 45 League T32"]
[Site "Internet Chess Club"]
[Date "2007.02.24"]
[Round "6"]
[White "matthewc"]
[Black "Queen"]
[Result "*"]
[WhiteElo "1479"]
[BlackElo "1495"]
[ECO "C47"]
[TimeControl "2700+45"]

1. e4 e5 2. Nf3 Nf6 3. Nc3 Nc6 4. Bc4 Nxe4 5. Bxf7+ Kxf7 6. Nxe4 d5 7. Nfg5+ Ke8
8. Qf3 Qe7 9. d4 dxe4 10. Qe2 exd4 11. Bd2 e3 12. fxe3 Qxg5 13. O-O dxe3 14.
Bxe3 Qe5 15. Qf3 Be7 16. Qf7+ {Game adjourned when Black disconnected} *

[Event "Team 45 45 League T32"]
[Site "Internet Chess Club"]
[Date "2007.02.26"]
[Round "6"]
[White "Allessia"]
[Black "gracey"]
[Result "0-1"]
[WhiteElo "2239"]
[BlackElo "2132"]
[ECO "B23"]
[TimeControl "2700+45"]

1. e4 c5 2. Nc3 e6 3. g3 Nc6 4. Bg2 Nf6 5. d3 d5 6. exd5 exd5 7. Bg5 Be7 8. Bxf6
Bxf6 9. Nxd5 Bxb2 10. Rb1 Bd4 11. Qe2+ Kf8 12. h4 Qd6 13. Kf1 Be6 14. Nf4 Re8
15. Qf3 Bxa2 16. Rxb7 Na5 17. Rb5 Nc4 18. Qd1 Bxf2 19. Kxf2 Qd4+ 20. Kf3 Re3+
21. Kg4 Qd7+ {White resigns} 0-1

[Event "Team 45 45 League T32"]
[Site "Internet Chess Club"]
[Date "2007.02.25"]
[Round "6"]
[White "Bug"]
[Black "bobhill"]
[Result "1/2-1/2"]
[WhiteElo "2167"]
[BlackElo "2106"]
[ECO "B23"]
[TimeControl "2700+45"]

1. e4 c5 2. Nc3 Nc6 3. f4 g6 4. Nf3 Bg7 5. Bb5 a6 6. Bxc6 bxc6 7. d3 d6 8. O-O
Nf6 9. Qe1 O-O 10. Qh4 Qb6 11. Kh1 Bg4 12. Ng5 h6 13. Nxf7 Rxf7 14. e5 Be6 15.
exf6 Rxf6 16. Qe1 d5 17. Na4 Qa7 18. b3 Bf7 19. Bb2 Re6 20. Qf2 Bxb2 21. Nxb2
Rf6 22. c4 e5 23. Qg3 exf4 24. Rxf4 Qe7 25. Raf1 Rxf4 26. Qxf4 Kg7 27. Na4 Rf8
28. h3 g5 29. Qf2 d4 30. Qf5 Re8 31. Qxc5 Qxc5 32. Nxc5 Re2 33. Nxa6 Rxa2 34.
Nc5 Bg6 35. Rb1 Rd2 36. b4 Bxd3 37. Nxd3 Rxd3 38. b5 Ra3 39. bxc6 Rc3 40. Rd1
{Game drawn by mutual agreement} 1/2-1/2

[Event "Team 45 45 League T32"]
[Site "Internet Chess Club"]
[Date "2007.02.23"]
[Round "6"]
[White "reinaroja"]
[Black "QuietSet"]
[Result "1-0"]
[WhiteElo "2208"]
[BlackElo "1937"]
[ECO "B01"]
[TimeControl "2700+45"]

1. e4 d5 2. exd5 Qxd5 3. Nc3 Qa5 4. d4 Nf6 5. Nf3 Bf5 6. Ne5 e6 7. Bd2 c6 8. Ne4
Qc7 9. Ng5 Bg6 10. Bd3 Bxd3 11. cxd3 Nbd7 12. Nexf7 Rg8 13. Qe2 Be7 14. Nxe6 Qb6
15. Ne5 c5 16. Nxd7 Kxd7 17. Nxc5+ Bxc5 18. dxc5 Qxc5 19. O-O Rae8 20. Be3 Qe5
21. d4 Qf5 22. Rac1 Ng4 23. h3 Nxe3 24. fxe3 Qd5 {Black resigns} 1-0

[Event "Team 45 45 League T32"]
[Site "Internet Chess Club"]
[Date "2007.02.25"]
[Round "6"]
[White "cityprosecutor"]
[Black "BrunosAces"]
[Result "0-1"]
[WhiteElo "1790"]
[BlackElo "2012"]
[ECO "B01"]
[TimeControl "2700+45"]

1. e4 d5 2. exd5 Nf6 3. c4 e6 4. d4 exd5 5. Nc3 Be7 6. Nf3 O-O 7. h3 Re8 8. Be3
Nbd7 9. Bd3 dxc4 10. Bxc4 Nb6 11. Bb3 Nbd5 12. O-O c6 13. Ne5 Bd6 14. Bg5 Bxe5
15. Nxd5 cxd5 16. dxe5 Rxe5 17. Bxf6 Qxf6 18. Bxd5 Be6 19. Bxe6 Qxe6 20. Re1 Re8
21. Rxe5 Qxe5 22. b3 h6 23. Rc1 a6 24. Rc2 Qa5 25. Re2 Rd8 26. Qc2 Qd5 27. Kh2
Qd6+ 28. Kg1 a5 29. Qc3 Qd1+ 30. Qe1 Qxe1+ 31. Rxe1 Rd2 32. Ra1 Kf8 33. g3 Ke7
34. Kg2 Kd6 35. Kf3 Kc5 36. Rc1+ Kb6 37. Ra1 Kb5 38. Ke3 Rc2 39. Rd1 Rxa2 40.
Rd7 b6 41. Rxf7 Rb2 42. Rxg7 Rxb3+ 43. Ke4 a4 44. f4 a3 45. f5 Rb1 46. Ra7 Kb4
47. f6 Rf1 48. f7 b5 49. Ke5 Kb3 50. Ke6 a2 51. Ke7 Kb2 52. g4 a1=Q 53. Rxa1
Kxa1 54. h4 b4 55. g5 hxg5 56. hxg5 b3 57. f8=Q Rxf8 58. Kxf8 b2 59. g6 b1=Q 60.
g7 Qf5+ 61. Kg8 Kb2 62. Kh8 Qh5+ 63. Kg8 Kc3 64. Kf8 Qf5+ 65. Kg8 Kd4 66. Kh8
Qh5+ 67. Kg8 Ke5 68. Kf8 Qf5+ 69. Kg8 Kf6 70. Kh8 Qh5+ 71. Kg8 Qf7+ {White
resigns} 0-1

[Event "Team 45 45 League T32"]
[Site "Internet Chess Club"]
[Date "2007.02.26"]
[Round "6"]
[White "Klampin"]
[Black "winerum"]
[Result "1/2-1/2"]
[WhiteElo "2007"]
[BlackElo "1703"]
[ECO "D02"]
[TimeControl "2700+45"]

1. Nf3 d5 2. d4 Nf6 3. Bf4 c5 4. e3 e6 5. Nbd2 Nc6 6. c3 Bd6 7. Bxd6 Qxd6 8. Bd3
O-O 9. O-O e5 10. Nxe5 Nxe5 11. dxe5 Qxe5 12. Nf3 Qd6 13. h3 h6 14. c4 Be6 15.
cxd5 Bxd5 16. Rc1 b6 17. b3 Rad8 18. Bb1 Rfe8 19. Qe2 Qc6 20. Rfd1 Bxf3 21. Qxf3
Qxf3 22. gxf3 Kf8 23. Kf1 Ke7 24. Ke2 Rxd1 25. Rxd1 Rd8 26. Rxd8 Kxd8 27. e4 Ke7
28. Ke3 g5 29. Bd3 Nh5 30. Bf1 Kd6 31. a3 Ke5 32. Bb5 Nf4 33. Bd7 Ng2+ 34. Kd2
Kd4 35. Bb5 Nf4 36. Bf1 f6 37. Kc2 Ne6 38. Bc4 Nc7 39. a4 a6 40. Bf7 a5 41. Kd2
Na6 42. Bg8 Nb4 43. Bc4 Nc6 44. Ke2 Ne5 45. Be6 Kc3 46. Bd5 Nd3 47. Ke3 Nc1 48.
f4 gxf4+ 49. Kxf4 Nxb3 50. Kf5 c4 51. Kxf6 Kd4 52. Bxc4 Kxc4 53. e5 Nc5 54. e6
Nb7 55. Ke5 Kc5 56. e7 Nd6 57. f4 Kc6 58. Ke6 Ne8 59. f5 Nc7+ 60. Ke5 Kd7 61. f6
Ne8 62. h4 Nc7 63. h5 Ne8 64. f7 Kxe7 65. fxe8=Q+ Kxe8 66. Kd6 b5 67. axb5 Kd8
68. Kc5 Kc7 69. b6+ Kb7 70. Kb5 a4 71. Kxa4 Kxb6 72. Kb4 Kc6 73. Kc4 Kd6 74. Kd4
Ke6 75. Ke4 Kf6 76. Kf4 Ke6 77. Ke4 Kf6 78. Kf4 {Game drawn by mutual agreement}
1/2-1/2

[Event "Team 45 45 League T32"]
[Site "Internet Chess Club"]
[Date "2007.02.25"]
[Round "6"]
[White "JohnnySP"]
[Black "kingfischer57"]
[Result "1-0"]
[WhiteElo "1891"]
[BlackElo "1738"]
[ECO "C02"]
[TimeControl "2700+45"]

1. e4 e6 2. d4 d5 3. e5 c5 4. c3 Nc6 5. Nf3 Qb6 6. a3 c4 7. Be2 f6 8. O-O Bd7 9.
Nbd2 Be7 10. b3 cxb3 11. Nxb3 Na5 12. Nxa5 Qxa5 13. Bd2 Bb5 14. c4 Qc7 15. cxb5
b6 16. Rc1 Qb7 17. Bb4 Bxb4 18. axb4 Ne7 19. Bd3 O-O 20. exf6 gxf6 21. Qe2 Qd7
22. Rfe1 Kf7 23. Nh4 Rg8 24. Qh5+ Kf8 25. Bxh7 Rg7 26. Bd3 Rc8 27. Ng6+ Nxg6 28.
Bxg6 Kg8 29. Bd3 Rg5 30. Qh7+ Qxh7 31. Rxc8+ Kg7 32. Rc7+ {Black resigns} 1-0

[Event "Team 45 45 League T32"]
[Site "Internet Chess Club"]
[Date "2007.02.25"]
[Round "6"]
[White "tourettes"]
[Black "MrShaw"]
[Result "1/2-1/2"]
[WhiteElo "1827"]
[BlackElo "1809"]
[ECO "C00"]
[TimeControl "2700+45"]

1. e4 e6 2. d3 d5 3. Nd2 c5 4. Ngf3 Nc6 5. g3 Bd6 6. Bg2 Nge7 7. O-O O-O 8. Re1
Qc7 9. Qe2 f6 10. c3 Bd7 11. d4 cxd4 12. cxd4 Nb4 13. e5 fxe5 14. dxe5 Bc5 15.
Nb3 Bb6 16. Bd2 a5 17. a3 Nbc6 18. Rac1 Qd8 19. Nc5 Bxc5 20. Rxc5 Qb6 21. Qb5
Qxb5 22. Rxb5 Rxf3 23. Rxb7 Rd3 24. Bg5 Rd8 25. Bf1 {Game drawn by mutual
agreement} 1/2-1/2

[Event "Team 45 45 League T32"]
[Site "Internet Chess Club"]
[Date "2007.02.25"]
[Round "6"]
[White "JeCrainsDegun"]
[Black "crankn8tr"]
[Result "1-0"]
[WhiteElo "1710"]
[BlackElo "1613"]
[ECO "B01"]
[TimeControl "2700+45"]

1. e4 d5 2. exd5 Qxd5 3. Nc3 Qa5 4. d4 Nf6 5. Bd2 c6 6. Nf3 Bg4 7. Bc4 e6 8. O-O
Nbd7 9. d5 Qc5 10. dxe6 fxe6 11. Qe2 Nd5 12. Rfe1 O-O-O 13. b4 Nxc3 14. Bxc3
Bxf3 15. bxc5 Bxe2 16. Rxe2 Nxc5 17. Bxe6+ Nxe6 18. Rxe6 Bc5 19. Bxg7 Rhg8 20.
Bh6 Rg4 21. Kf1 Rc4 22. Re2 Rg8 23. g3 Rc3 24. Bf4 Rd8 25. Be5 Rc4 26. f4 Bd4
27. Rae1 Bxe5 28. fxe5 Re8 29. Rd1 Rc5 30. Rde1 Re6 31. Kf2 Kc7 32. Kf3 Ra5 33.
c4 Kb6 34. Rb2+ Kc7 35. Rbe2 Rc5 36. Re4 Kb6 37. Kf4 Ra5 38. R1e2 Kc5 39. Kf5
Re8 40. Kf6 Ra4 41. Kf7 Rc8 42. e6 Rxc4 43. Rxc4+ Kxc4 44. e7 Rc7 45. Kf8 {Black
resigns} 1-0

[Event "Team 45 45 League T32"]
[Site "Internet Chess Club"]
[Date "2007.02.21"]
[Round "6"]
[White "Thestorm"]
[Black "Zebbile"]
[Result "1-0"]
[WhiteElo "2144"]
[BlackElo "2141"]
[ECO "B18"]
[TimeControl "2700+45"]

1. e4 c6 2. d4 d5 3. Nc3 dxe4 4. Nxe4 Bf5 5. Ng3 Bg6 6. Bc4 Nf6 7. N1e2 e6 8.
O-O Bd6 9. f4 Qd7 10. a4 h5 11. f5 exf5 12. Bf4 h4 13. Bxd6 Qxd6 14. Nxf5 Qd7
15. Nxg7+ Kf8 16. Rxf6 Kxg7 17. Qf1 Qe7 18. Rf4 Nd7 19. Re1 Rae8 20. Rg4 Nf6 21.
Rf4 Nd5 22. Bxd5 cxd5 23. Rg4 Qe6 24. Qf3 Qe3+ 25. Qxe3 Rxe3 26. Kf2 Rhe8 27. c3
a5 28. b4 b6 29. Rg5 Kf6 30. Rxd5 Bd3 31. Re5 R3xe5 32. dxe5+ Rxe5 33. Nd4 Rxe1
34. Kxe1 Be4 35. Kf2 Ke5 36. Nf3+ Kd5 37. Nxh4 Kc4 38. Ke3 Bc2 39. bxa5 bxa5 40.
Kd2 Bxa4 41. Nf5 Bb3 42. h4 a4 43. Ne3+ Kb5 44. h5 a3 45. Kc1 f6 46. c4+ Kb4 47.
h6 Kc3 48. Kb1 Kd3 49. h7 Kxe3 50. h8=Q Bxc4 51. Qh3+ Kd4 52. Qxa3 Bd5 53. Qd6
f5 54. Kc1 Ke4 55. g3 Kd4 56. Kd2 Kc4 57. Ke3 Be4 58. Qd4+ Kb3 59. Qc5 Bb1 60.
Kd4 Kb2 61. Qc3+ Ka2 62. Qb4 {Black resigns} 1-0

[Event "Team 45 45 League T32"]
[Site "Internet Chess Club"]
[Date "2007.02.23"]
[Round "6"]
[White "Rlopez"]
[Black "ETwoEFour"]
[Result "0-1"]
[WhiteElo "1675"]
[BlackElo "1921"]
[ECO "A05"]
[TimeControl "2700+45"]

1. Nf3 Nf6 2. g3 d5 3. Bg2 c6 4. d3 g6 5. O-O Bg7 6. Nbd2 O-O 7. Re1 Qc7 8. e4
dxe4 9. dxe4 e5 10. Qe2 Nbd7 11. a4 Re8 12. h3 b6 13. Nh2 Nc5 14. b4 Ba6 15. Qe3
Ne6 16. c3 Red8 17. Bf1 Bxf1 18. Kxf1 c5 19. b5 c4 20. Qe2 Rd3 21. Bb2 Rad8 22.
Rad1 Nh5 23. Ndf3 Nef4 24. gxf4 Qd7 25. Rxd3 cxd3 26. Qd2 Qxh3+ 27. Kg1 Nxf4
{White resigns} 0-1

[Event "Team 45 45 League T32"]
[Site "Internet Chess Club"]
[Date "2007.02.25"]
[Round "6"]
[White "billscotty"]
[Black "AVEMARIA"]
[Result "0-1"]
[WhiteElo "1664"]
[BlackElo "1783"]
[ECO "B20"]
[TimeControl "2700+45"]

1. e4 c5 2. Bc4 e6 3. Nc3 a6 4. a4 Nc6 5. Nf3 Qc7 6. d4 cxd4 7. Nxd4 Nf6 8. Bb3
Bb4 9. O-O b6 10. Nxc6 dxc6 11. Qf3 Bd6 12. h3 Bb7 13. Re1 h6 14. Qe2 Be5 15.
Bd2 O-O 16. g3 c5 17. Rad1 Qc6 18. Qf3 c4 19. Ba2 b5 20. b3 b4 21. Nb1 c3 22.
Be3 Nxe4 23. h4 Qc7 24. Qg4 Nf6 25. Qc4 Bxg3 26. Qxc7 Bxc7 27. Bc5 a5 28. Bxf8
Kxf8 29. Rd4 Bd5 30. Rd3 Bb6 31. Nxc3 bxc3 32. Rxc3 Ne4 {White resigns} 0-1

[Event "Team 45 45 League T32"]
[Site "Internet Chess Club"]
[Date "2007.02.26"]
[Round "6"]
[White "hondocando"]
[Black "joshtournman"]
[Result "1-0"]
[WhiteElo "1660"]
[BlackElo "1502"]
[ECO "C41"]
[TimeControl "2700+45"]

1. e4 e5 2. Nf3 d6 3. Bc4 Be6 4. Bxe6 fxe6 5. O-O Nf6 6. d3 Be7 7. Nc3 O-O 8.
Bg5 h6 9. Bh4 Nfd7 10. Bxe7 Qxe7 11. h3 Na6 12. a3 Rad8 13. b4 c5 14. b5 Nc7 15.
a4 b6 16. Ne2 d5 17. Ng3 a6 18. c4 dxc4 19. dxc4 axb5 20. axb5 Nf6 21. Qc2 Nd7
22. Ra7 Rc8 23. Rd1 Rfd8 24. Qb2 Qf6 25. Nh5 Qg6 26. Ng3 Qf6 27. Rd3 Nf8 28.
Rxd8 Qxd8 29. Qxe5 Nd7 30. Qd6 Kf7 31. Nh5 g6 32. Ng3 Ke8 33. e5 Qe7 34. Qd2 Qg7
35. Ne4 Kd8 36. Rb7 Na8 37. Nh4 Nc7 38. Nf6 g5 39. Ng6 Ra8 40. Nf8 Kc8 41. Rxc7+
Kxc7 42. Nxe6+ {Black resigns} 1-0